 Dungeon Crawl Stone Soup version 0.21.0-3-g78d12a8 (webtiles) character file.

26460 MTVSty1e the Geomancer (level 12, 0/106 HPs)
             Began as a Red Draconian Earth Elementalist on Jan 12, 2018.
             Was an Elder of Makhleb.
             Slain by a hog (10 damage)
             ... led by Kirke
             ... on level 4 of the Lair of Beasts.
             The game lasted 01:22:49 (25300 turns).

MTVSty1e the Geomancer (DrEE)                      Turns: 25300, Time: 01:22:50

Health: 0/106      AC:  0    Str: 11    XL:     12   Next: 98%
Magic:  19/19      EV: 20    Int: 19    God:    Makhleb [****..]
Gold:   157        SH:  0    Dex: 18    Spells: 6/21 levels left

rFire    . . .     SeeInvis .     - Unarmed
rCold    . . .     Gourm    .   (shield currently unavailable)
rNeg     . . .     Faith    .   (armour unavailable)
rPois    .         Spirit   .   (helmet currently unavailable)
rElec    .         Reflect  .   (cloak currently unavailable)
rCorr    .         Harm     .   (gloves currently unavailable)
MR       .....                  (boots currently unavailable)
Stlth    +++.......             (no amulet)
HPRegen  0.27/turn              (ring currently unavailable)
MPRegen  0.16/turn              (ring currently unavailable)

@: agile, pig-form, slowed
A: small, (breathe fire), unfitting armour, AC +8
a: Minor Destruction, Lesser Servant of Makhleb, Major Destruction, Renounce
Religion


You were on level 4 of the Lair of Beasts.
You worshipped Makhleb.
Makhleb was greatly pleased with you.
You were not hungry.
You were a filthy swine.
You visited 3 branches of the dungeon, and saw 18 of its levels.

You collected 1067 gold pieces.
You spent 910 gold pieces at shops.

Inventory:

Hand Weapons
 f - a +0 dagger of draining
 h - a +3 dagger of speed
Missiles
 b - 246 stones (quivered)
Armour
 n - a +0 pair of gloves
 s - a +0 large shield
 t - a +1 pair of boots (melded)
 B - a +0 shield
 G - the +2 pair of gloves "Ickeritz" (melded) {Dex+6}
   (You found it on level 7 of the Dungeon)

   It affects your dexterity (+6).
 K - a +0 cloak (melded)
Magical Staves
 d - an uncursed staff of energy (melded)
Jewellery
 w - a +3 ring of strength
 x - a ring of wizardry (melded)
 C - an uncursed ring of protection from magic
 D - a +4 ring of intelligence (melded)
 P - an uncursed ring of fire
Wands
 l - a wand of scattershot (3)
 p - a wand of disintegration (45)
 v - a wand of digging (12)
 F - a wand of polymorph (15)
 H - a wand of acid (25)
 I - a wand of flame (34)
 L - a wand of iceblast (17)
Scrolls
 a - 5 scrolls of teleportation
 g - 7 scrolls of remove curse
 j - a scroll of magic mapping
 u - 5 scrolls of immolation
 y - 5 scrolls of enchant weapon
 z - 4 scrolls of enchant armour
 E - 3 scrolls of amnesia
 O - 2 scrolls of blinking
 Q - a scroll of identify
 R - a scroll of fog
Potions
 e - 2 potions of curing
 i - a potion of ambrosia
 k - a potion of mutation
 m - 4 potions of lignification
 o - 6 potions of agility
 q - a potion of brilliance
 r - 5 potions of flight
 A - a potion of invisibility
 J - 2 potions of resistance
 N - a potion of haste
Books
 S - a book of the Earth

   Spells                             Type                      Level
   a - Leda's Liquefaction            Hexes/Earth                  4
   b - Bolt of Magma                  Conjuration/Fire/Earth       5
   c - Statue Form                    Transmutation/Earth          6
   d - Iron Shot                      Conjuration/Earth            6
   e - Shatter                        Earth                        9
Comestibles
 c - 10 rations


   Skills:
 + Level 10.3 Fighting
 - Level 5.1 Short Blades
 + Level 6.6 Staves
 - Level 1.7 Dodging
 - Level 1.7 Stealth
 - Level 9.0 Shields
 - Level 4.2 Unarmed Combat
 - Level 5.0 Spellcasting
 + Level 7.2 Transmutations
 * Level 12.4 Earth Magic
 - Level 2.1 Evocations


You had 6 spell levels left.
You knew the following spells:

 Your Spells              Type           Power        Failure   Level  Hunger
a - Sandblast             Erth           ######       1%          1    None
b - Lee's Rapid Deconstr  Erth           ######....   1%          5    ######.
c - Stone Arrow           Conj/Erth      ####..       2%          3    ##.....
d - Statue Form           Tmut/Erth      #####....    32%         6    #######


Dungeon Overview and Level Annotations

Branches:
Dungeon (11/15)            Temple (1/1) D:7            Lair (6/6) D:10
  Swamp (0/4) Lair:4       Spider (0/4) Lair:4          Orc (0/2) D:10
  Slime: Lair:5-6

Altars:
Cheibriados
Dithmenos
Fedhas
Gozag
Hepliaklqana
Makhleb
Nemelex Xobeh
Okawaru
Qazlal
Ru
Sif Muna
Trog
Yredelemnul
The Shining One

Shops:
D:9 :

Annotations:
D:1 1 runed door
D:6 Swippen's ghost, novice GnHu
D:11 Josephine
Lair:1 exclusion: oklob plant
Lair:2 Urug
Lair:5 Kirke


Innate Abilities, Weirdness & Mutations

((You can breathe blasts of fire.))
((Your fiery red scales are hard. (AC +8)))
You cannot fit into any form of body armour.
((Your flesh is heat resistant. (rF+)))
((You are cold-blooded and may be slowed by cold attacks.))


Message History

You hit the hog but do no damage.
The hog is heavily wounded.
The hog misses you. The hog completely misses you.
You hit the hog.
The hog is severely wounded.
The hog misses you. The hog bites you.
* * * LOW HITPOINT WARNING * * *
You hit the hog.
The hog is severely wounded.
The hog bites you.
* * * LOW HITPOINT WARNING * * *
You hit the hog.
The hog is almost dead.
The hog bites you!
* * * LOW HITPOINT WARNING * * *
Okay, then.
You barely miss the hog.
The hog is almost dead.
The hog completely misses you. The hog bites you!
You die...

######.......##.##.#.#
#P..#................#
#PP..........P#####..#
#..P#.#......≈...≈#..# ####
#.######P.≈≈≈≈≈≈≈≈#..######.#P
#.# #.≈≈≈≈≈≈≈≈.....##...... #.###
##.≈≈≈≈≈≈≈≈≈.....#..P..# #...#
#P≈≈≈≈.h≈≈≈≈≈....#.....# #P..#
##.≈≈≈≈h.≈≈≈≈...........
###PP.###..≈≈≈≈.≈≈≈≈........###.
##.#P...##P≈≈≈≈≈≈≈≈≈≈.....#####..
..#....####.≈≈≈≈≈≈≈≈≈......# #..
..............≈≈≈≈≈≈..#..#######.
#.###....##....≈..≈......P##(##..
### ##..####...≈.##.P...P.P......
## ###......÷.##..##..#..........
.# #........>.##..##.<#..#...#...


You could see a hog.

Vanquished Creatures
  4 hydras
  Harold (Lair:3)
  Erica (D:8)
  4 two-headed ogres
  An oklob plant (Lair:3)
  3 spiny frogs (Lair:3)
  6 komodo dragons
  A rime drake (Lair:5)
  A queen bee (Lair:3)
  5 jumping spiders (Lair:4)
  Prince Ribbit (D:7)
  3 dream sheep (Lair:4)
  19 blink frogs
  5 hippogriffs
  3 redbacks (Lair:4)
  10 yaks
  A wraith (D:10)
  3 basilisks
  5 porcupines
  2 hell hounds (D:10)
  9 water moccasins
  A hornet zombie (D:9)
  An orc warrior (D:9)
  2 black bears (D:8)
  2 phantoms (D:7)
  2 sky beasts
  3 ice beasts
  9 wolves (Lair:2)
  8 ogres
  A centaur (D:10)
  9 crocodiles
  Blork the orc (D:6)
  9 bullfrogs
  A gnoll sergeant (D:8)
  2 scorpions (D:10)
  15 killer bees (Lair:3)
  4 wights (D:8)
  2 howler monkeys
  A crimson imp (D:5)
  10 hounds
  A bullfrog skeleton (D:8)
  A jelly (D:10)
  3 orc priests
  Crazy Yiuf (D:7)
  2 gnoll shamans
  Terence (D:2)
  An iguana (D:9)
  Ijyb (D:3)
  5 hell rats
  2 worker ants (D:4)
  11 orc wizards
  A hound zombie (D:7)
  2 hound skeletons
  14 adders
  19 gnolls
  3 adder skeletons
  5 worms
  2 dart slugs (D:1)
  7 leopard geckos
  31 orcs
  4 ball pythons
  6 bats
  A giant cockroach (D:2)
  2 gnoll zombies (D:4)
  2 goblins (D:2)
  6 hobgoblins
  16 jackals
  5 kobolds
  3 quokkas
  4 frilled lizards
  A leopard gecko zombie (D:8)
  A quokka skeleton (D:9)
  4 rats
  2 fungi
341 creatures vanquished.

Vanquished Creatures (others)
  7 fungi
  2 plants (Lair:3)
9 creatures vanquished.

Grand Total: 350 creatures vanquished

Notes
Turn   | Place    | Note
-------+----------+-------------------------------------------
     0 | D:1      | MTVSty1e the Draconian Earth Elementalist began the quest for the Orb.
     0 | D:1      | Reached XP level 1. HP: 14/14 MP: 3/3
     1 | D:1      | Found a runed door.
   272 | D:1      | Reached XP level 2. HP: 22/22 MP: 5/5
   411 | D:1      | Reached skill level 1 in Fighting
   693 | D:2      | Reached XP level 3. HP: 13/28 MP: 4/6
   893 | D:2      | Found a shadowy altar of Dithmenos.
  1128 | D:2      | Reached skill level 1 in Unarmed Combat
  1202 | D:2      | Found a blossoming altar of Fedhas.
  1365 | D:2      | Noticed Terence
  1382 | D:2      | Killed Terence
  1382 | D:2      | Reached XP level 4. HP: 18/36 MP: 4/7
  1536 | D:2      | Found an iron altar of Okawaru.
  1702 | D:3      | Found a faded altar of an unknown god.
  1731 | D:2      | Reached skill level 4 in Earth Magic
  2143 | D:3      | Noticed Ijyb
  2159 | D:3      | Killed Ijyb
  2159 | D:3      | Reached XP level 5. HP: 10/41 MP: 4/9
  2430 | D:3      | Learned a level 5 spell: Lee's Rapid Deconstruction
  3368 | D:4      | Noticed an ogre
  3381 | D:4      | Killed an ogre
  3381 | D:4      | Reached XP level 6. HP: 5/50 MP: 1/10
  3701 | D:4      | Found a basalt altar of Yredelemnul.
  3774 | D:4      | Reached skill level 5 in Earth Magic
  3920 | D:4      | Learned a level 3 spell: Stone Arrow
  3974 | D:4      | Found a stormy altar of Qazlal.
  4392 | D:4      | Your scales start taking on a fiery red colour.
  4392 | D:4      | Reached XP level 7. HP: 57/57 MP: 10/12
  4392 | D:4      | Gained mutation: Your flesh is heat resistant. (rF+) [Red Draconian growth]
  4695 | D:4      | Found a burning altar of Makhleb.
  4702 | D:4      | Became a worshipper of Makhleb the Destroyer
  5076 | D:5      | Entered Level 5 of the Dungeon
  5246 | D:5      | Reached skill level 6 in Earth Magic
  6035 | D:6      | Found an opulent altar of Gozag.
  6148 | D:6      | Noticed a two-headed ogre
  6174 | D:6      | Reached XP level 8. HP: 45/66 MP: 2/14
  6328 | D:6      | Noticed Swippen's ghost (novice GnHu)
  7454 | D:6      | Noticed Blork the orc
  7475 | D:6      | Killed Blork the orc
  7475 | D:6      | Reached skill level 1 in Shields
  7542 | D:6      | Found a hazy altar of Hepliaklqana.
  7706 | D:7      | Noticed Prince Ribbit
  7718 | D:7      | Killed Prince Ribbit
  7718 | D:7      | Reached skill level 1 in Short Blades
  7833 | D:7      | Found a sparkling altar of Nemelex Xobeh.
  7833 | D:7      | Found a snail-covered altar of Cheibriados.
  7834 | D:7      | Found a bloodstained altar of Trog.
  7869 | D:7      | Reached skill level 7 in Earth Magic
  7946 | D:7      | Found a staircase to the Ecumenical Temple.
  8186 | D:7      | Reached * piety under Makhleb
  8230 | D:7      | Reached skill level 5 in Fighting
  8519 | D:7      | Got a pair of ichor-stained gloves
  8520 | D:7      | Identified the +2 pair of gloves "Ickeritz" {Dex+6} (You found it on level 7 of the Dungeon)
  9266 | D:7      | Found a runed door.
  9270 | D:7      | Noticed Crazy Yiuf
  9272 | D:7      | Killed Crazy Yiuf
  9359 | Temple   | Entered the Ecumenical Temple
  9383 | D:8      | Noticed Erica
  9510 | D:8      | Noticed a hippogriff
  9532 | D:7      | Killed a hippogriff
  9532 | D:7      | Reached skill level 5 in Spellcasting
  9532 | D:7      | Reached XP level 9. HP: 39/74 MP: 2/16
 10213 | D:8      | Reached ** piety under Makhleb
 10213 | D:8      | Reached skill level 8 in Earth Magic
 10382 | D:8      | Reached skill level 5 in Shields
 10465 | D:8      | Noticed a two-headed ogre
 10826 | D:8      | Killed a two-headed ogre
 10927 | D:8      | Noticed a two-headed ogre
 10941 | D:8      | Killed a two-headed ogre
 10941 | D:8      | Reached XP level 10. HP: 8/84 MP: 3/17
 11173 | D:8      | Found a sacrificial altar of Ru.
 11353 | D:8      | Killed Erica
 11900 | D:9      | Reached skill level 5 in Short Blades
 12229 | D:9      | Noticed a cyclops
 12283 | D:9      | Found Nyopul's Book Boutique.
 12353 | D:9      | Reached skill level 9 in Earth Magic
 12588 | D:9      | Found an opulent altar of Gozag.
 12775 | D:9      | Noticed a two-headed ogre
 12789 | D:9      | Killed a two-headed ogre
 12789 | D:9      | Reached skill level 1 in Evocations
 13105 | D:10     | Entered Level 10 of the Dungeon
 13294 | D:10     | Reached skill level 1 in Staves
 13512 | D:10     | Found a staircase to the Lair.
 13924 | D:10     | Reached *** piety under Makhleb
 14273 | D:10     | Found a staircase to the Orcish Mines.
 14300 | D:10     | Noticed a two-headed ogre
 14306 | D:10     | Killed a two-headed ogre
 14306 | D:10     | Reached XP level 11. HP: 61/94 MP: 2/18
 14891 | D:11     | Noticed Josephine
 15010 | Lair:1   | Entered Level 1 of the Lair of Beasts
 15139 | Lair:1   | Reached skill level 10 in Earth Magic
 15284 | Lair:1   | Noticed an oklob plant
 17507 | D:9      | Bought a book of the Earth for 910 gold pieces
 17514 | D:9      | Learned a level 6 spell: Statue Form
 18160 | Lair:3   | Noticed Harold
 18160 | Lair:3   | Noticed an oklob plant
 18485 | Lair:3   | Noticed Urug
 19323 | Lair:3   | Killed an oklob plant
 19334 | Lair:3   | Killed Harold
 19633 | Lair:3   | Reached skill level 11 in Earth Magic
 20214 | Lair:3   | Noticed a six-headed hydra
 20234 | Lair:3   | Killed a six-headed hydra
 20234 | Lair:3   | Reached skill level 5 in Staves
 20234 | Lair:3   | Reached XP level 12. HP: 102/104 MP: 13/19
 20325 | Lair:3   | Noticed a seven-headed hydra
 20394 | Lair:3   | Killed a seven-headed hydra
 21133 | Lair:3   | Reached **** piety under Makhleb
 21714 | Lair:4   | Found a staircase to the Swamp.
 21823 | Lair:4   | Reached skill level 5 in Transmutations
 22599 | Lair:4   | Noticed a four-headed hydra
 22621 | Lair:4   | Killed a four-headed hydra
 23016 | Lair:4   | Reached skill level 12 in Earth Magic
 23115 | Lair:4   | Found a hole to the Spider Nest.
 23120 | Lair:4   | Reached skill level 10 in Fighting
 23649 | Lair:5   | Noticed a five-headed hydra
 23663 | Lair:5   | Killed a five-headed hydra
 25054 | Lair:6   | Entered Level 6 of the Lair of Beasts
 25200 | Lair:6   | Noticed a six-headed hydra
 25268 | Lair:6   | Noticed Kirke
 25300 | Lair:4   | Slain by a hog

Skill      XL: |  1  2  3  4  5  6  7  8  9 10 11 12 |
---------------+-------------------------------------+-----
Fighting       | 1 2 3 4 5 6 7 9 10 | 10.3
Unarmed Combat | 1 2 3 4 |  4.2
Earth Magic    | 4 5 6 7 8 9 11 12 | 12.4
Spellcasting   | 3 4 5 |  5.0
Shields        | 3 6 8 9 |  9.0
Short Blades   | 2 4 5 |  5.1
Evocations     | 2 |  2.1
Staves         | 2 5 6 |  6.6
Transmutations | 3 7 |  7.2
Dodging        | |  1.7
Stealth        | |  1.7

Action                   |  1- 3 |  4- 6 |  7- 9 | 10-12 || total
-------------------------+-------+-------+-------+-------++-------
Melee: Unarmed           |    14 |       |       |    14 ||    28
       Dagger            |   103 |   210 |   470 |   152 ||   935
       Tailslap          |    11 |    24 |    71 |    82 ||   188
       Punch             |       |     1 |     8 |     5 ||    14
       Staff             |       |       |       |   372 ||   372
Throw: Stone             |       |       |       |     1 ||     1
 Cast: Sandblast         |    13 |    27 |     2 |    45 ||    87
       Stone Arrow       |       |     6 |    29 |   163 ||   198
       Lee's Rapid Decon |       |       |    21 |    91 ||   112
       Statue Form       |       |       |       |     4 ||     4
 Abil: Breathe Fire      |       |       |    11 |    14 ||    25
Evoke: Wand              |       |       |     2 |     1 ||     3
  Use: Scroll            |       |     9 |    11 |    12 ||    32
       Potion            |       |       |     3 |    14 ||    17
 Stab: Sleeping          |     4 |     5 |     4 |     1 ||    14
  Eat: Ration            |     1 |     1 |     7 |    10 ||    19
       Chunk             |       |     6 |     7 |    17 ||    30
Armor: Skin              |    39 |    60 |   136 |   262 ||   497
Dodge: Dodged            |    85 |    72 |   204 |   372 ||   733
Block: Shield            |       |       |     9 |   181 ||   190
